 Dungeon Crawl Stone Soup version 0.31-a0-507-gbafd7f5274 (webtiles) character file.

Game seed: 11182468829079410452

115906 Jase the Metamorph (level 16, 0/195 (201) HPs)
             Began as a Merfolk Shapeshifter on Aug 8, 2023.
             Was a High Priest of Trog.
             Slain by Mlioglotl (15 damage)
             ... on level 3 of the Swamp on Aug 9, 2023.
             The game lasted 01:29:51 (26292 turns).

Jase the Metamorph (Merfolk Shapeshifter)          Turns: 26292, Time: 01:29:52

HP:   0/195 (201)   AC: 11    Str: 17    XL:     16   Next: 69%
MP:   16/16         EV: 21    Int:  8    God:    Trog [*****.]
Gold: 2081          SH:  5    Dex: 20    Spells: 15/15 levels left

rFire   + .          .
                       - Unarmed
rCold   + . .        (shield currently unavailable)
rNeg    . . .        C - +3 leather armour "Mepim" {rPois rF+}
rPois   +            r - +2 helmet
rElec   .            N - +1 cloak
rCorr   .            q - melded +1 pair of gloves {Stlth+}
SInv    +            G - +0 pair of boots
Will    +++..        f - amulet of reflection Stlth
                     d - ring of see invisible
HPRegen 1.52/turn    D - ring of protection from cold
MPRegen 0.15/turn

%: reflection
@: berserking, blade hands, strong-willed, regenerating, constricted, lightly
drained, very quick
A: (nimble swimmer 2), mertail
a: Begin Untransformation, Renounce Religion, Berserk, Trog's Hand, Brothers in
Arms


You were on level 3 of the Swamp.
You worshipped Trog.
Trog was extremely pleased with you.
You had blades for hands.
You visited 4 branches of the dungeon, and saw 22 of its levels.
You visited 1 bazaar.

You collected 2910 gold pieces.
You spent 829 gold pieces at shops.

Inventory:

Missiles
 o - 16 boomerangs
 x - 26 poisoned darts
 y - 6 curare-tipped darts
 M - a throwing net
Armour
 q - a +1 pair of gloves of stealth (melded)
 r - a +2 helmet (worn)
 s - the +4 skin of Zhor {*Englaciate rC+++ SInv}
   (You took it off a centaur warrior on level 11 of the Dungeon)

   *Englaciate: It radiates cold, occasionally slowing all nearby creatures who
   are not resistant to cold.
   rC+++:     It renders you almost immune to cold.
   SInv:      It lets you see invisible.
 C - the +3 leather armour "Mepim" (worn) {rPois rF+}
   (You found it on level 7 of the Dungeon)

   rF+:       It protects you from fire.
   rPois:     It protects you from poison
 G - a +0 pair of boots (worn)
 K - +0 acid dragon scales
 N - a +1 cloak (worn)
Jewellery
 d - a ring of see invisible (left blade hand)
 f - an amulet of reflection (around neck)
 t - a +4 ring of protection
 u - a ring of positive energy
 B - the ring "Uteceag" {rN+ Will+}
   (You found it on level 12 of the Dungeon)

   [ring of positive energy]

   rN+:       It protects you from negative energy.
   Will+:     It increases your willpower.
 D - a ring of protection from cold (right blade hand)
Talismans
 c - a maw talisman
 l - a blade talisman (active)
 m - a serpent talisman
Wands
 i - a wand of charming (8)
 k - a wand of mindburst (35)
 J - a wand of iceblast (12)
 L - a wand of acid (5)
 R - a wand of digging (3)
Scrolls
 h - 12 scrolls of teleportation
 j - 7 scrolls of identify
 F - 2 scrolls of enchant armour
 I - 4 scrolls of revelation
 O - 5 scrolls of blinking
 P - 2 scrolls of fear
 Q - 3 scrolls of fog
 S - a scroll of butterflies {unknown}
Potions
 a - 2 potions of cancellation
 b - 4 potions of lignification
 e - a potion of attraction
 g - 6 potions of enlightenment
 n - 3 potions of haste
 p - a potion of berserk rage
 v - 4 potions of might
 w - 10 potions of curing
 z - a potion of invisibility
 A - 2 potions of magic
 E - a potion of ambrosia
 H - 3 potions of mutation


   Skills:
 + Level 14.4 Fighting
 + Level 17.1 Dodging
 + Level 17.5 Unarmed Combat
 - Level 6.0 Evocations
 + Level 17.7 Shapeshifting


You had 15 spell levels left.
You didn't know any spells.
Your spell library contained the following spells:

 Spells                   Type           Power      Damage    Failure   Level
 Ensorcelled Hibernation  Hex/Ice        0%         N/A       93%         2
 Passwall                 Tmut/Erth      0%         N/A       93%         2
 Ignite Poison            Fire/Tmut/Pois 0%         N/A       99%         3
 Swiftness                Air            0%         N/A       99%         3
 Sticky Flame             Conj/Fire      0%         2d3       100%        4
 Ignition                 Fire           0%         3d3       100%        8


Dungeon Overview and Level Annotations

Branches:
Dungeon (12/15)            Temple (0/1) D:7            Lair (5/5) D:8
  Swamp (3/4) Lair:2        Snake (0/4) Lair:3        Slime (0/5) Lair:4
    Orc (2/2) D:12            Elf (0/3) Orc:2

Altars:
Cheibriados
Dithmenos
Elyvilon
Gozag
Hepliaklqana
Makhleb
Nemelex Xobeh
Okawaru
Qazlal
Ru
Sif Muna
Trog
Wu Jian
Xom
Yredelemnul
The Shining One
Lugonu

Shops:
D:1 (:*   D:3 (   D:5 !   Orc:1 [   Orc:2 =!?[*(

Portals:
Abyss: D:4
Ice
Cave: Swamp:3

Annotations:
D:4 2 runed translucent doors
D:7 1 runed translucent door, Crazy Yiuf
D:11 7 runed translucent doors
Lair:2 exclusion: oklob plant
Swamp:3 Mlioglotl


Innate Abilities, Weirdness & Mutations

You have blades for hands.
Your spellcasting is less reliable in this form.
You are incapable of wielding weapons or throwing items.
((You are very nimble when in or above water. (Stealth+, EV+, Speed+++)))
Your lower body shifts to a powerful aquatic tail in water.


Message History

The tentacled monstrosity tentacle-slaps you.
The tentacled monstrosity completely misses you.
The tentacled monstrosity tentacle-slaps you.
The tentacled monstrosity constricts you.
You completely miss the tentacled monstrosity.
You slash the tentacled monstrosity!
The tentacled monstrosity is heavily wounded.
Mlioglotl, the Unformed Horror comes into view.
Unknown command.
You shred the tentacled monstrosity!!!
The tentacled monstrosity is almost dead.
The tentacled monstrosity misses you.
The tentacled monstrosity tentacle-slaps you.
* * * LOW HITPOINT WARNING * * *
The tentacled monstrosity tentacle-slaps you.
* * * LOW HITPOINT WARNING * * *
The tentacled monstrosity constricts you.
* * * LOW HITPOINT WARNING * * *
Unknown command.
Your two-headed ogre goes berserk!
The tentacled monstrosity tentacle-slaps you.
* * * LOW HITPOINT WARNING * * *
You block the tentacled monstrosity's attack.
The tentacled monstrosity misses you.
The tentacled monstrosity constricts you.
* * * LOW HITPOINT WARNING * * *
Your skin crawls.
You feel strong-willed.
The tentacled monstrosity tentacle-slaps you but does no damage. x2
You block the tentacled monstrosity's attack.
The tentacled monstrosity constricts you!
* * * LOW HITPOINT WARNING * * *
Mlioglotl churns violently!
Mlioglotl corrupts the dungeon around him!
Unknown command.
A red film seems to cover your vision as you go berserk!
You feel yourself moving faster!
You feel mighty! Mlioglotl hits you!
* * * LOW HITPOINT WARNING * * *
Mlioglotl tramples you!
You die...

~~~! .. .#...♣ ~~~
~.. ....~ <.§
~..#####..♣♣♣♣~♣
~.......♣♣♣..~♣ ~♣
♣...#.#~....~♣♣...
♣♣~~.~~..~ZX~.~...
♣<.~~...~X@O°..~~.
♣♣§.~~~~~~.~i.~~~~
♣♣.§§~..~~§~~~~~.
♣♣...~.~~~~..~.~
♣♣♣♣♣♣♣..~~~#♣♣
~..~~~~.~
...~~~~~. ♣♣.
.~.~~~§§. ♣~.~
♣.~~~~. ♣♣~~~♣


You could see Mlioglotl, a tentacled monstrosity (ally target), a spriggan
druid, a bunyip skeleton (summoned) and a friendly two-headed ogre (summoned,
berserk).

Vanquished Creatures
  Jorgrun (Orc:2)
  A thorn hunter (Swamp:1)
  2 orc warlords (Orc:2)
  4 eleionomae
  An ettin (Orc:1)
  A fire dragon (Lair:5)
  A centaur warrior (D:11)
  5 hydras
  A catoblepas (Lair:5)
  4 boulder beetles
  A ghost crab (Swamp:3)
  4 alligators
  8 two-headed ogres
  12 death yaks (Lair:5)
  2 orc high priests (Orc:2)
  A tengu warrior (D:11)
  2 skysharks (Lair:5)
  4 goliath frogs
  2 spriggan druids
  6 swamp dragons
  6 bog bodies
  2 lindwurms (Lair:5)
  3 deep elf pyromancers
  3 orc knights
  An ugly thing (D:12)
  3 cyclopes
  3 manticores (D:11)
  6 orc sorcerers
  2 wolf spiders
  2 will-o-the-wisps
  13 elephants
  9 black mambas
  A guardian serpent (Lair:5)
  2 gargoyles (D:11)
  Maggie (Lair:1)
  5 torpor snails (Lair:5)
  An unseen horror (D:10)
  2 kobold demonologists
  18 cane toads
  10 rime drakes
  5 komodo dragons
  2 polar bears
  12 hornets
  6 trolls
  A merfolk (D:10)
  9 tyrant leeches
  Prince Ribbit (D:7)
  20 blink frogs
  9 dream sheep
  Sigmund (D:6)
  2 slime creatures
  4 spriggans
  A shadow (D:11)
  4 wraiths
  24 wyverns
  11 basilisks
  73 yaks
  4 redbacks (Lair:5)
  5 vampire mosquitoes (Swamp:2)
  Menkaure (D:6)
  3 nagas (Lair:3)
  6 wargs
  6 swamp worms
  21 water moccasins
  2 sky beasts (D:6)
  An ice beast (D:5)
  41 orc warriors
  3 swamp drakes
  2 black bears
  11 ogres
  5 centaurs
  2 phantoms
  18 wolves
  A kobold brigand (D:6)
  10 bullfrogs
  3 scorpions
  4 gnoll sergeants
  3 wights (D:9)
  2 howler monkeys (D:11)
  An electric eel (Lair:1)
  A crimson imp (D:10)
  A jelly (D:6)
  11 orc priests
  3 hounds
  3 iguanas
  18 orc wizards
  Natasha (thrice) (D:4)
  8 hell rats
  16 gnolls
  3 adders
  3 shadow imps
  An ufetubus (D:5)
  6 worms
  43 orcs
  4 endoplasms (D:1)
  6 giant cockroaches
  3 hobgoblins (D:1)
  3 jackals (D:1)
  11 kobolds
  A quokka (D:4)
  9 ball pythons
  7 bats
  6 frilled lizards
  4 goblins
  6 rats
676 creatures vanquished.

Vanquished Creatures (collateral kills)
  A hornet (Swamp:2)
  A spriggan (Swamp:2)
  A swamp worm (Swamp:2)
  3 centaurs (D:11)
6 creatures vanquished.

Vanquished Creatures (others)
  A bunyip (Swamp:1)
  A bloated husk (Swamp:1)
  A gnoll (D:10)
  4 foxfires
7 creatures vanquished.

Grand Total: 689 creatures vanquished

Notes
Turn   | Place    | Note
-------+----------+-------------------------------------------
     0 | D:1      | Jase the Merfolk Shapeshifter began the quest for the Orb.
     0 | D:1      | Reached XP level 1. HP: 15/15 MP: 1/1
   187 | D:1      | Reached XP level 2. HP: 21/21 MP: 2/2
   320 | D:1      | Found Aripn's General Store.
   476 | D:1      | Bought a scroll of identify for 26 gold pieces
   671 | D:1      | Found Byzxol's Antique Weapon Boutique.
   705 | D:1      | You fall into a shaft and drop 1 floor!
   732 | D:2      | Reached XP level 3. HP: 19/27 MP: 3/3
   908 | D:1      | Found Caq Won's Book Shop.
  1227 | D:2      | Found a bloodstained altar of Trog.
  1430 | D:2      | Became a worshipper of Trog the Wrathful
  1682 | D:3      | Reached XP level 4. HP: 32/33 MP: 4/4
  2076 | D:3      | Found Ugorob's Weapon Shop.
  2394 | D:4      | Found an iron altar of Okawaru.
  2470 | D:4      | HP: 1/34 [gnoll/+0 flail (4)]
  2474 | D:4      | Reached XP level 5. HP: 2/39 MP: 5/5
  2748 | D:1      | Bought a scroll of poison for 52 gold pieces
  2852 | D:4      | Noticed Natasha
  2853 | D:4      | Found a large runed translucent door.
  2853 | D:4      | Found a large runed translucent door.
  2859 | D:4      | Killed Natasha
  2952 | D:1      | Bought a potion of berserk rage for 65 gold pieces
  3034 | D:4      | Found a sparkling altar of Nemelex Xobeh.
  3035 | D:4      | Found a snail-covered altar of Cheibriados.
  3052 | D:4      | Reached skill level 5 in Shapeshifting
  3052 | D:4      | Reached XP level 6. HP: 47/47 MP: 6/6
  3087 | D:4      | Noticed Natasha
  3095 | D:4      | Killed Natasha
  3169 | D:1      | Bought a scroll of identify for 26 gold pieces
  3230 | D:4      | Noticed Natasha
  3231 | D:4      | Found a one-way gate to the infinite horrors of the Abyss.
  3241 | D:4      | Killed Natasha
  3306 | D:4      | Found a burning altar of Makhleb.
  3416 | D:4      | Found an opulent altar of Gozag.
  3498 | D:4      | Found a corrupted altar of Lugonu.
  3526 | D:5      | Entered Level 5 of the Dungeon
  3526 | D:5      | Noticed an ice beast
  3539 | D:5      | Killed an ice beast
  3540 | D:5      | Reached skill level 5 in Dodging
  3694 | D:5      | Found Peluff's Distillery.
  3852 | D:5      | Reached skill level 5 in Unarmed Combat
  3852 | D:5      | Reached XP level 7. HP: 53/53 MP: 7/7
  3861 | D:5      | Found a white marble altar of Elyvilon.
  3937 | D:5      | Found a shimmering altar of Xom.
  3938 | D:5      | Found a shimmering altar of Xom.
  3980 | D:5      | Reached * piety under Trog
  4160 | D:6      | Noticed Menkaure
  4173 | D:6      | Killed Menkaure
  4381 | D:6      | Identified the +7 whip of Iconoclasm {heavy, rC+ Str+3
                  | Stlth-}
  4623 | D:1      | Bought a potion of invisibility for 104 gold pieces
  4715 | D:6      | Reached XP level 8. HP: 52/61 MP: 8/8
  4819 | D:6      | Noticed Sigmund
  4847 | D:6      | Killed Sigmund
  4848 | D:6      | Reached skill level 5 in Fighting
  5014 | D:6      | Noticed a hornet
  5029 | D:6      | Killed a hornet
  5301 | D:5      | Bought a potion of degeneration for 12 gold pieces
  5346 | D:6      | Identified the +0 ring mail of the Big Bang {MP+9 Str+3
                  | Stlth+}
  5487 | D:6      | Reached XP level 9. HP: 67/69 MP: 9/9
  5540 | D:7      | Found a staircase to the Ecumenical Temple.
  5744 | D:5      | Bought a potion of attraction for 36 gold pieces
  5846 | D:7      | Found an ornate altar of the Wu Jian Council.
  5859 | D:7      | Identified the +3 leather armour "Mepim" {rPois rF+}
  5877 | D:7      | Noticed Prince Ribbit
  5909 | D:7      | Killed Prince Ribbit
  6118 | D:7      | Found a runed translucent door.
  6119 | D:7      | Noticed Crazy Yiuf
  6555 | D:8      | Found a staircase to the Lair.
  6702 | D:8      | Found a glowing golden altar of the Shining One.
  6816 | D:5      | Bought a potion of heal wounds for 60 gold pieces
  6890 | D:8      | Found a basalt altar of Yredelemnul.
  6958 | D:8      | Found a hazy altar of Hepliaklqana.
  6958 | D:8      | Found a shadowy altar of Dithmenos.
  7626 | D:8      | Noticed an angel
  7663 | D:9      | Noticed a moth of wrath
  7666 | D:9      | Found a bloodstained altar of Trog.
  7697 | D:9      | Reached XP level 10. HP: 77/77 MP: 10/10
  7712 | D:9      | Reached ** piety under Trog
  7768 | D:9      | Found a stormy altar of Qazlal.
  7861 | D:5      | Bought a potion of ambrosia for 96 gold pieces
  8078 | D:9      | Found a shimmering blue altar of Sif Muna.
  8278 | D:9      | Noticed a two-headed ogre
  8318 | D:9      | Killed a two-headed ogre
  8319 | D:9      | Reached skill level 10 in Shapeshifting
  8437 | D:9      | Noticed a kobold demonologist
  8440 | D:9      | Noticed a soul eater
  8457 | D:9      | Killed a kobold demonologist
  8458 | D:9      | Reached skill level 10 in Unarmed Combat
  8513 | D:9      | Found a sacrificial altar of Ru.
  8798 | D:9      | Noticed a two-headed ogre
  8839 | D:9      | Killed a two-headed ogre
  8840 | D:9      | Reached skill level 10 in Dodging
  9036 | D:10     | Entered Level 10 of the Dungeon
  9041 | D:10     | Noticed an unseen horror
  9043 | D:10     | Killed an unseen horror
  9044 | D:10     | Reached XP level 11. HP: 77/86 MP: 11/11
 10396 | Lair:1   | Entered Level 1 of the Lair of Beasts
 10441 | Lair:1   | Reached *** piety under Trog
 10950 | D:1      | Bought 2 potions of mutation for 208 gold pieces
 11193 | Lair:1   | Noticed a wolf spider
 11210 | Lair:1   | Noticed Maggie
 11585 | Lair:1   | Reached XP level 12. HP: 26/97 MP: 12/12
 11832 | Lair:1   | Reached skill level 10 in Fighting
 12088 | Lair:1   | Killed Maggie
 12997 | Lair:2   | You fall into a shaft and drop 2 floors!
 13038 | Lair:4   | Reached **** piety under Trog
 13465 | Lair:2   | Found a staircase to the Swamp.
 13467 | Lair:2   | Noticed a four-headed hydra
 13474 | Lair:2   | Killed a four-headed hydra
 13475 | Lair:2   | Reached XP level 13. HP: 92/106 MP: 13/13
 14212 | Lair:3   | Found a staircase to the Snake Pit.
 14234 | Lair:3   | Identified the +0 war axe of Blind Justice {heavy, rF+}
 15305 | Lair:4   | Found a staircase to the Slime Pits.
 15817 | Lair:4   | Identified the scarf "Nuweutal" {shadows, Str+3}
 16109 | D:11     | Reached ***** piety under Trog
 16393 | D:11     | Reached skill level 15 in Dodging
 16471 | D:11     | Found a runed translucent door.
 16532 | D:11     | Reached XP level 14. HP: 86/116 MP: 14/14
 16823 | D:11     | Found a runed translucent door.
 17038 | D:11     | Found a runed translucent door.
 17052 | D:11     | Found a runed translucent door.
 17064 | D:11     | Found a runed translucent door.
 17093 | D:11     | Found a runed translucent door.
 17094 | D:11     | Found a runed translucent door.
 17825 | D:12     | Identified the ring "Uteceag" {rN+ Will+}
 18017 | D:12     | Found a staircase to the Orcish Mines.
 18163 | D:12     | Found a gateway to a bazaar.
 18173 | Bazaar   | Entered a bazaar
 18181 | Bazaar   | Found Loapt's Jewellery Shop.
 18195 | Bazaar   | Found Sasi's Antique Armour Shop.
 18794 | Orc:1    | Entered Level 1 of the Orcish Mines
 18794 | Orc:1    | Found Suophiskioc's Antique Armour Shop.
 18811 | Orc:1    | Paralysed by an orc sorcerer for 2 turns
 19404 | Orc:2    | Entered Level 2 of the Orcish Mines
 19683 | Orc:2    | Found Gasameab's Jewellery Shoppe.
 19717 | Orc:2    | Noticed Jorgrun
 19724 | Orc:2    | Killed Jorgrun
 19725 | Orc:2    | Reached skill level 1 in Evocations
 19725 | Orc:2    | Reached skill level 15 in Shapeshifting
 19746 | Orc:2    | Received a gift from Trog
 19789 | Orc:2    | Found Fecse's Antique Armour Emporium.
 19792 | Orc:2    | Found a staircase to the Elven Halls.
 19908 | Orc:2    | Noticed an orc warlord
 19926 | Orc:2    | Killed an orc warlord
 20064 | Orc:2    | Found Yrgha's Distillery.
 20075 | Orc:2    | Bought a potion of heal wounds for 60 gold pieces
 20141 | Orc:2    | Found Ikupem's General Store.
 20142 | Orc:2    | Paralysed by an orc sorcerer for 2 turns
 20166 | Orc:2    | Reached skill level 15 in Unarmed Combat
 20425 | Orc:2    | Found Mopligau's Antique Weapon Shop.
 20432 | Orc:2    | Noticed an orc warlord
 20465 | Orc:2    | Killed an orc warlord
 20466 | Orc:2    | Reached XP level 15. HP: 76/124 MP: 15/15
 20676 | Orc:2    | Bought a scroll of noise for 16 gold pieces
 20749 | Orc:2    | Found Rukeesuk's Magic Scroll Emporium.
 20754 | Orc:2    | Bought a scroll of identify for 34 gold pieces
 20754 | Orc:2    | Bought a scroll of identify for 34 gold pieces
 21188 | Lair:5   | Entered Level 5 of the Lair of Beasts
 21204 | Lair:4   | Received a gift from Trog
 21370 | Lair:5   | Found a runed translucent door.
 21964 | Lair:5   | Reached skill level 5 in Evocations
 22745 | Lair:5   | Reached ****** piety under Trog
 22745 | Lair:5   | Received a gift from Trog
 23003 | Lair:5   | Reached XP level 16. HP: 116/131 MP: 16/16
 23970 | Lair:5   | Upgraded the game from 0.31-a0-486-g8d68a81214 to
                  | 0.31-a0-507-gbafd7f5274
 24061 | Swamp:1  | Entered Level 1 of the Swamp
 24155 | Swamp:1  | Noticed a thorn hunter
 24169 | Swamp:1  | Killed a thorn hunter
 25544 | Swamp:2  | Received a gift from Trog
 26142 | Swamp:3  | Found a frozen archway.
 26277 | Swamp:3  | Noticed a tentacled monstrosity
 26288 | Swamp:3  | Noticed Mlioglotl
 26292 | Swamp:3  | Slain by Mlioglotl

Illustrated notes

Levels and vault maps discovered:
D:1:      scummos_arrival_star, layout_basic, serial_shops, shop_fountains,
          nicolae_shop_waterfront, nicolae_shop_window_shopping,
          grunt_decor_cap, minmay_three_crescents
D:2:      layout_basic, basic_altar
D:3:      layout_loops_ring, serial_shops, shop, dk_noncrumbling_2,
          minmay_shallow_snake_nest
D:4:      due_chaos_kobolds, layout_cave_pools, grunt_gozag_statues,
          mainiacjoe_overflow_24_doors,
          chequers_temple_overflow_statue_of_worship, uniq_natasha
D:5:      layout_rooms, xom_redecorated, elyvilon_altar_3, serial_shops,
          nicolae_take_the_stairs, hangedman_abyss_or_decor_stabs
D:6:      layout_basic, uniq_sigmund, uniq_menkaure
D:7:      layout_rooms, mainiacjoe_overflow_cross_hatched, temple_statues,
          uniq_prince_ribbit1, uniq_crazy_yiuf_cottage
D:8:      layout_loops_ring, grunt_temple_overflow_holy_war,
          riverfiend_overflow_shadow_ancestor, erik_lair_orcish_takeover
D:9:      layout_loops_ring, grunt_qazlal_sundering,
          nicolae_ru_great_annihilating_truth, tgw_trog,
          kennysheep_orc_sif_temple
D:10:     layout_basic, hangedman_stone_soup
D:11:     minmay_the_grid_triangle_9x9_rhombus_full_mashed
          [minmay_the_grid_triangle_9x9_wacky_v,
          minmay_the_grid_triangle_9x9_cache,
          minmay_the_grid_triangle_9x9_checkered,
          minmay_the_grid_triangle_9x9_semitri,
          minmay_the_grid_triangle_9x9_fully_insulated_deathbox,
          minmay_the_grid_triangle_9x9_sparse_checkered,
          minmay_the_grid_triangle_9x9_zippers_vertical,
          minmay_the_grid_triangle_9x9_prize_center], layout_irregular_city,
          minmay_statue_crystal_thing
D:12:     layout_basic, david_orc_1_choice, serial_shops, bzr_entry_water
Lair:1:   layout_cave_pods, nicolae_quartered_pool_little,
          nicolae_lair_run_with_the_wolves, uniq_maggie
Lair:2:   minmay_lair_oklob_chamber, layout_cave_pods, skrybe_swamp_entry_bodies
Lair:3:   layout_cave_pods, guppyfry_snake_entry_island, forest_entry_grove,
          serial_bayou_shore_b
Lair:4:   layout_hall_layers, slime_entry_1, grunt_megastairs_2,
          infiniplex_staircase_pool
Lair:5:   hangedman_lair_tendril_chambers, layout_cave_pods, wormcave,
          special_room [special_room_mythical_zoo], serial_bayou_shore_a
Swamp:1:  layout_falls_marsh, evilmike_swamp_ruin_house_1
Swamp:2:  layout_basic_swamp, evilmike_swamp_ruin_house_2, swamp_pool1
Swamp:3:  layout_basic_swamp, portal_ice_cave_entry_pillars_three,
          evilmike_swamp_ruin_house_5, swamp_pool5, nicolae_swamp_godswood,
          nicolae_swamp_no_escape, infiniplex_staircase_pool_2, uniq_mlioglotl
Orc:1:    layout_caves, serial_shops, shop
Orc:2:    grunt_orc_gardens, layout_caves, grunt_orc_garden, grunt_orc_garden,
          grunt_orc_garden, grunt_orc_garden, serial_shops,
          nicolae_shop_rolled_up, shop, uniq_jorgrun

Skill      XL: |  1  2  3  4  5  6  7  8  9 10 11 12 13 14 15 16 |
---------------+-------------------------------------------------+-----
Dodging        | 3 4 5 6 7 8 10 11 13 15 16 17 | 17.1
Fighting       | 2 3 4 6 8 9 11 12 13 14 | 14.4
Unarmed Combat | 4 5 6 9 10 11 12 13 15 16 17 | 17.5
Shapeshifting  | 5 6 7 9 10 11 13 14 15 17 | 17.7
Evocations     | 3 6 |  6.0

Action                     |  1- 3 |  4- 6 |  7- 9 | 10-12 | 13-15 | 16-18 || total
---------------------------+-------+-------+-------+-------+-------+-------++-------
  Melee: Unarmed           |   122 |   101 |   214 |   514 |   948 |   222 ||  2121
         Punch             |     3 |     3 |    14 |    43 |    99 |    23 ||   185
         Tailslap          |       |       |     1 |     2 |    13 |    16 ||    32
 Invoke: Berserk           |       |       |     3 |     4 |     5 |     3 ||    15
         Trog's Hand       |       |       |       |     3 |     6 |     2 ||    11
         Brothers in Arms  |       |       |       |       |     1 |     2 ||     3
  Evoke: Wand              |       |       |       |     1 |       |       ||     1
    Use: Scroll            |     3 |     1 |     8 |     5 |     8 |       ||    25
         Potion            |       |       |       |       |     1 |     1 ||     2
   Stab: Paralysed         |       |       |       |     1 |       |       ||     1
         Sleeping          |       |       |       |     1 |       |     1 ||     2
         Distracted        |       |       |       |       |     2 |       ||     2
         Petrifying        |       |       |       |       |     2 |       ||     2
 Armour: Ring mail         |    41 |    17 |    31 |       |       |       ||    89
         Leather armour    |       |       |    15 |    69 |   160 |    26 ||   270
  Dodge: Dodged            |    55 |    37 |    93 |   282 |   702 |   177 ||  1346
  Block: Other             |    15 |    13 |    33 |    99 |   166 |    29 ||   355
         Reflection        |       |       |     4 |     1 |     8 |     2 ||    15
         Form:             |       |     1 |     1 |       |     1 |       ||     3
         Beast             |       |     1 |     1 |       |       |       ||     2
         Blade             |       |       |     1 |       |     1 |       ||     2

Table legend: (Time is in decaauts)
 A = Elapsed time spent in this place.
 B = Non-inter-level travel time spent in this place.
 C = Inter-level travel time spent in this place.
 D = Time resting spent in this place.
 E = Time spent auto-exploring this place.
 F = Levels seen in this place.
 G = Mean time per level.
                   A        B        C        D        E       F      G
               +--------+--------+--------+--------+--------+-----+--------+
         Total |  25815 |  23130 |   2685 |   5698 |  12127 |  23 | 1122.4 |
       Dungeon |  13669 |  11624 |   2045 |   2395 |   6846 |  12 | 1139.1 |
          Lair |   8046 |   7583 |    463 |   1929 |   3788 |   5 | 1609.2 |
         Swamp |   2030 |   1957 |     73 |    920 |    662 |   3 |  676.7 |
  Orcish Mines |   1996 |   1893 |    103 |    453 |    790 |   2 |  998.0 |
        Bazaar |     72 |     72 |      0 |      0 |     41 |   1 |   72.0 |
               +--------+--------+--------+--------+--------+-----+--------+

Top non-repeatable levels by time:
  Lair:5: 2418 daAuts
  Lair:1: 1755 daAuts
    D:11: 1529 daAuts
   Orc:2: 1445 daAuts
     D:9: 1422 daAuts
     D:6: 1402 daAuts
  Lair:3: 1387 daAuts
    D:10: 1369 daAuts
  Lair:2: 1343 daAuts
     D:8: 1315 daAuts
     D:1: 1234 daAuts
 Swamp:1: 1227 daAuts
    D:12: 1169 daAuts
  Lair:4: 1141 daAuts
     D:3: 989 daAuts
